Cogmind - Beta 15 @@@ ROGUE MODE // 2025.08.15 @ 13:45:27 Player: Andru7428 Result: Destroyed by Triborg with Siege Cannon Performance ------------- Evolutions (0) 0 Regions Visited (3) 600 Robots Destroyed (36) 180 Value Destroyed (686) 686 Prototype IDs (0) 0 Alien Tech Used (0) 0 Bonus (-11) -11 TOTAL SCORE: 1455 Bonus ------- Friendly Fire -11 Cogmind --------- Core Integrity 0/250 Matter 300/300 Energy 250/250 System Corruption 0% Temperature Cool (0) Movement Treading (320) Ox2 Location -7/Scraptown Parts ------- > --- POWER (1) -------- Ion Engine > --- PROPULSION (2) --- Light Treads > --- UTILITY (2) ------ High-capacity Storage Unit > --- WEAPON (2) ------- Spread Laser Spread Laser > --- INVENTORY (20) --- Compact Wheel Cooling System Weapon Shielding Spread Laser Grenade Launcher SUBCON Basin (Empty) Peak State ------------ > --- POWER ------------ Ion Engine > --- PROPULSION ------- Light Treads Light Treads > --- UTILITY ---------- High-capacity Storage Unit Seismic Detector > --- WEAPON ----------- Spread Laser Spread Laser > --- INVENTORY -------- Compact Wheel Cooling System Weapon Shielding Spread Laser Grenade Launcher SUBCON Basin [Rating: 27] Favorites ----------- Power Light Ion Engine Engine Light Ion Engine Propulsion Light Treads Treads Light Treads Utility High-capacity Storage Unit Device Seismic Detector Storage High-capacity Storage Unit Protection Weapon Shielding Weapon Spread Laser Energy Gun Spread Laser Ballistic Gun Assault Rifle Launcher Grenade Launcher Special Weapon Mining Laser Build | -11 -10 -10 -7 ------- Run | Yrd Mat Sub Scr Slots Evolved . | . . . . Power . | . . . . Propulsion . | . . . . Utility . | . . . . Weapon . | . . . . Parts Attached 20 | 7 6 7 . Power 3 | 1 1 1 . Engine 3 | 1 1 1 . Core . | . . . . Reactor . | . . . . Propulsion 4 | 2 . 2 . Treads 4 | 2 . 2 . Leg . | . . . . Wheel . | . . . . Hover . | . . . . Flight . | . . . . Utility 6 | 2 2 2 . Device 3 | 1 1 1 . Storage 2 | 1 1 . . Processor . | . . . . Hackware . | . . . . Protection 1 | . . 1 . Artifact . | . . . . Weapon 7 | 2 3 2 . Energy Gun 3 | . 2 1 . Energy Cannon . | . . . . Ballistic Gun 2 | 2 . . . Ballistic Cannon . | . . . . Launcher 1 | . . 1 . Special Weapon 1 | . 1 . . Impact Weapon . | . . . . Slashing Weapon . | . . . . Piercing Weapon . | . . . . Special Melee Weapon . | . . . . Unidentified Prototypes . | . . . . Parts Lost 5 | . . 3 2 Power 1 | . . 1 . Propulsion 3 | . . 2 1 Utility 1 | . . . 1 Weapon . | . . . . Highest Loss Streak 3 | . . 3 2 To Critical Strikes . | . . . . Average Backups 14 | 5 15 17 5 Power . | . 1 . . Propulsion 3 | 3 4 3 1 Utility 5 | . 4 6 2 Weapon 5 | 1 5 6 2 Tool/Special . | . . . . Unused Backups 12 | . 2 7 3 Power 1 | . 1 . . Propulsion 4 | . 1 2 1 Utility 4 | . . 3 1 Weapon 3 | . . 2 1 Tool/Special . | . . . . Average Slot Usage (%) 99 | . 99 99 100 Engine 14 | . 14 14 14 Treads 27 | . 27 27 28 Device 13 | . 14 13 14 Storage 14 | . 14 14 14 Energy Gun 17 | . . 27 28 Ballistic Gun 9 | . 26 . . Peak Build Rating 27 | 7 11 27 27 Average Rating 12 | 5 8 12 26 On Entrance 11 | . 7 11 27 Naked Turns . | . . . . Heaviest Build 52 | 13 50 52 52 Greatest Support 40 | 40 40 40 40 Greatest Overweight (x) 1 | 1 1 1 1 Average Overweight (x) . | . . 1 1 Largest Inventory Capacity 20 | 8 20 20 20 Average Capacity 18 | 7 16 20 20 Most Carried 20 | 8 20 20 20 Average Carried 16 | 5 15 18 19 Final Capacity 20 | 8 20 20 20 Final Carried 20 | 7 20 20 20 Class Distribution -------------------- 100% | Mutant Dominant Class ---------------- Mutant | -10/Materials Mutant | -10/Subcaves Mutant | -7/Scraptown Resources | -11 -10 -10 -7 ----------- Run | Yrd Mat Sub Scr Matter Collected 901 | 336 331 234 . Remotely . | . . . . Salvage Created 922 | 204 408 189 121 Parts 58 | 11 25 17 5 Haulers Intercepted 2 | . 2 . . Recyclers Shooed 1 | 1 . . . Parts Field Recycled . | . . . . Retrieved Matter . | . . . . Parts Self-Destructed 13 | . . 13 . Prevented . | . . . . Kills | -11 -10 -10 -7 ------- Run | Yrd Mat Sub Scr Combat Hostiles Destroyed 22 | . 9 11 2 Guns 22 | . 9 11 2 Classes Destroyed 10 | 2 4 3 1 Tunneler 6 | 5 1 . . Hauler 2 | . 2 . . Recycler 1 | 1 . . . Turret 2 | . . 2 . Watcher 3 | . 3 . . Swarmer 12 | . 5 7 . Grunt 5 | . 4 1 . Sentry 1 | . . 1 . Subdweller 2 | . . 2 . Scrapper 2 | . . . 2 Best Kill Streak 4 | 3 4 4 1 Combat Bots Only 4 | . 4 4 1 Max Kills in Single Turn 2 | 1 2 2 1 Gunslinging 1 | . . 1 . Exploded . | . . . . Melee . | . . . . Uniques/NPCs Destroyed . | . . . . Combat | -11 -10 -10 -7 -------- Run | Yrd Mat Sub Scr Hostile Shots Fired 182 | . 49 123 10 Missed 65 | . 9 54 2 Hits 117 | . 40 69 8 Projectile 117 | . 40 69 8 Critical Strikes 1 | . . . 1 Damage Taken 1405 | . 398 730 277 Core 336 | . 59 140 137 Absorbed by Shields . | . . . . Redirected to Shielding 28 | . . 28 . Regen/Repaired (Parts) 159 | . 159 . . Core Remaining (%) 100 | 100 . . . Volleys Fired 84 | 11 42 26 5 Largest 2 | 2 2 2 2 Hottest 130 | 40 100 130 130 Shots Fired 160 | 22 79 49 10 Gun 152 | 22 74 46 10 Cannon . | . . . . Launcher 3 | . . 3 . Special 5 | . 5 . . Kinetic 96 | 22 74 . . Thermal 61 | . 5 46 10 Explosive 3 | . . 3 . Electromagnetic . | . . . . Robot Hit Streak 10 | 5 8 10 8 Robot Miss Streak 7 | 1 4 7 4 Penetration Max . | . . . . Secondary Targets 2 | . 1 1 . Max Gunslinging Chain 1 | . 1 1 . Shots Hit Robots 112 | 15 45 42 10 Core Hits 97 | 7 21 56 13 Critical Kills . | . . . . Critical Parts Destroyed 1 | . 1 . . Critical Strikes 1 | . 1 . . Destroy 1 | . 1 . . Melee Attacks . | . . . . Impact . | . . . . Slashing . | . . . . Piercing . | . . . . Sneak Attacks . | . . . . Combat Hostiles . | . . . . Follow-up Attacks . | . . . . Damage Inflicted 1569 | 187 619 630 133 Guns 1478 | 187 613 545 133 Cannons . | . . . . Explosions 85 | . . 85 . Melee . | . . . . Ramming 6 | . 6 . . Kinetic 800 | 187 613 . . Thermal 678 | . . 545 133 Explosive 85 | . . 85 . Electromagnetic . | . . . . Impact . | . . . . Slashing . | . . . . Piercing . | . . . . Highest Corruption . | . . . . Average Corruption . | . . . . Corruption Purged . | . . . . Corruption Blocked . | . . . . Overload Shots . | . . . . Overflow Damage . | . . . . Projectiles . | . . . . Explosions . | . . . . Melee . | . . . . Knockbacks . | . . . . Impact . | . . . . Kinetic . | . . . . Secondary . | . . . . Self-Inflicted Damage . | . . . . Shots . | . . . . Rammed 4 | . 4 . . Targets Rammed 4 | . 4 . . Kicked . | . . . . Crushed . | . . . . Highest Temperature 209 | . 3 150 209 Average Temperature 63 | . 2 44 108 Received Heat Transfer 408 | . 81 255 72 Siege Activations . | . . . . Martial Activations . | . . . . Shielding Activations . | . . . . Robots Disrupted . | . . . . Combat Hostiles . | . . . . Robots Corrupted . | . . . . Combat Hostiles . | . . . . Parts Fried . | . . . . Impact Corruptions . | . . . . Robots Melted . | . . . . Combat Hostiles . | . . . . Parts Melted 3 | . . . 3 Heat Transferred 675 | . . 675 . Parts Sabotaged . | . . . . Parts Stolen . | . . . . Parts Stripped . | . . . . Power Chain Reactions . | . . . . Alert | -11 -10 -10 -7 ------- Run | Yrd Mat Sub Scr Maximum Alert Level . | . . . . Low Security (%) 100 | 100 100 . . Level 1 . | . . . . Level 2 . | . . . . Level 3 . | . . . . Level 4 . | . . . . Level 5 . | . . . . High Security . | . . . . Max Security . | . . . . Peak Influence 130 | 10 130 . . Initial . | . . . . Average 20 | 2 22 . . Influence Increases 642 | 30 307 305 . Destroy 0b10 Robot/C 400 | . 180 220 . Destroy 0b10 Robot/NC 60 | 30 30 . . Destroy Leader 60 | . 50 10 . Successful Hack 42 | . 42 . . Destroy Structure 5 | . 5 . . Lose Combat Pursuer 75 | . . 75 . Influence Decreases 642 | 30 307 305 . Time Decay 612 | 30 307 275 . Lost Part 30 | . . 30 . Squads Dispatched 2 | . 2 . . Investigation 1 | . 1 . . Extermination . | . . . . Reinforcement 1 | . 1 . . Assault . | . . . . Garrison . | . . . . Intercept . | . . . . Searches Triggered . | . . . . Construction Impeded . | . . . . Haulers Reinforced . | . . . . Active Scanning Responses . | . . . . Cargo Convoy Interrupts . | . . . . Stealth | -11 -10 -10 -7 --------- Run | Yrd Mat Sub Scr Distress Signals 2 | . 2 . . Communications Jammed . | . . . . Distress Signals . | . . . . Times Spotted 42 | . 24 16 2 Peak Tracking Total 6 | . 5 4 6 Tactical Retreats 2 | . . 2 . Traps | -11 -10 -10 -7 ------- Run | Yrd Mat Sub Scr Traps Triggered 5 | . 2 3 . Indirectly . | . . . . Trap Hack Attempts . | . . . . Triggered . | . . . . Disarmed . | . . . . Reprogrammed . | . . . . Reused . | . . . . Traps Extracted . | . . . . Installed . | . . . . Triggered . | . . . . Machines | -11 -10 -10 -7 ---------- Run | Yrd Mat Sub Scr Machines Disabled 3 | . . 3 . Max in Single Turn 3 | . . 3 . Machines Repaired . | . . . . Machines Dismantled . | . . . . Machines Sabotaged . | . . . . Overloaded Fab Kills . | . . . . Hacking | -11 -10 -10 -7 --------- Run | Yrd Mat Sub Scr Machines Accessed 9 | . 7 2 . Terminals 6 | . 6 . . Fabricators . | . . . . Repair Stations 1 | . 1 . . Recycling Units . | . . . . Scanalyzers . | . . . . Garrison Access . | . . . . Total Hacks 26 | . 24 2 . Successful 19 | . 17 2 . Failed 7 | . 7 . . Catastrophic 1 | . 1 . . Database Lockouts . | . . . . Manual 17 | . 17 . . Terminals 16 | . 16 . . Fabricators . | . . . . Repair Stations 8 | . 8 . . Recycling Units . | . . . . Scanalyzers . | . . . . Garrison Access . | . . . . Terminal Hacks 4 | . 2 2 . Part Schematic 1 | . 1 . . Robot Analysis 1 | . 1 . . Open Door 1 | . . 1 . Release Object 1 | . . 1 . Fabricator Hacks . | . . . . Repair Station Hacks 7 | . 7 . . Scan Component 4 | . 4 . . Repair 3 | . 3 . . Recycling Unit Hacks . | . . . . Scanalyzer . | . . . . Garrison Access Hacks . | . . . . Unauthorized Hacks 8 | . 8 . . Terminals 8 | . 8 . . Track 1 | . 1 . . Botnet 2 | . 2 . . Skim 5 | . 5 . . Fabricators . | . . . . Repair Stations . | . . . . Recycling Units . | . . . . Scanalyzers . | . . . . Garrison Access . | . . . . Data Cores Recovered . | . . . . Used . | . . . . Hacking Detections 7 | . 7 . . Full Trace Events . | . . . . Feedback Events . | . . . . Feedback Blocked . | . . . . Robot Schematics Acquired . | . . . . Robots Built . | . . . . Authchips . | . . . . Time . | . . . . Total Robot Build Rating . | . . . . Part Schematics Acquired 1 | . 1 . . Parts Built . | . . . . Authchips . | . . . . Time . | . . . . Total Part Build Rating . | . . . . Parts Repaired 3 | . 3 . . Time 78 | . 78 . . Parts Recycled . | . . . . Recycled Matter . | . . . . Retrieved Matter . | . . . . Retrieved Components . | . . . . Parts Scanalyzed . | . . . . Part Schematics Acquired . | . . . . Parts Damaged . | . . . . Bothacking | -11 -10 -10 -7 ------------ Run | Yrd Mat Sub Scr Used RIF Installer . | . . . . Robots Hacked . | . . . . Non-combat . | . . . . Combat . | . . . . Robot Hacks Applied . | . . . . Relay Couplers Released . | . . . . Fabnet Peak Effective % . | . . . . Robots Rewired . | . . . . Allies Hacked . | . . . . Hacks Repelled . | . . . . Allies | -11 -10 -10 -7 -------- Run | Yrd Mat Sub Scr Total Allies . | . . . . Largest Group . | . . . . Highest-Rated Group . | . . . . Highest-Rated Ally . | . . . . Total Orders . | . . . . Ally Attacks . | . . . . Total Damage . | . . . . Kills . | . . . . Allies Corrupted . | . . . . Allies Melted . | . . . . Intel | -11 -10 -10 -7 ------- Run | Yrd Mat Sub Scr Active Infowar (turns) 3080 | 41 669 2067 303 Seismic 3080 | 41 669 2067 303 Robot Analysis Total 1 | . 1 . . Derelict Logs Recovered . | . . . . Drone Launches . | . . . . Drone Recoveries . | . . . . Exploration | -11 -10 -10 -7 ------------- Run | Yrd Mat Sub Scr Turns Passed 4235 | 151 1564 2215 305 Spaces Moved 1634 | 65 599 867 103 Core 5 | 5 . . . Treads 1629 | 60 599 867 103 Legs . | . . . . Wheels . | . . . . Hover . | . . . . Flight . | . . . . Fastest Speed 50 | 50 160 240 240 Average Speed 225 | 154 209 240 240 Slowest Speed 240 | 160 240 240 240 Overloaded Moves . | . . . . Propulsion Burnouts . | . . . . Robots Hopped . | . . . . Potential Cave-ins . | . . . . Cave-ins Triggered . | . . . . Exploration Rate (%) 38 | 4 96 48 7 Regions Visited 3 Branch Regions 2 Pre-discovered Areas 1 | . 1 . . Known Exits Taken 1 | . 1 . . Unknown Exits Taken 2 | 1 . 1 . Scrap Searched 1 | . . . 1 Spaces Dug 4 | . 4 . . Terrain Destroyed 10 | . 4 6 . Melee . | . . . . Projectile 4 | . 4 . . AOE 6 | . . 6 . Terrain Rammed . | . . . . Walls Destroyed . | . . . . Machines Disabled . | . . . . Actions | -11 -10 -10 -7 --------- Run | Yrd Mat Sub Scr Total 2006 | 91 809 954 152 Wait 211 | . 135 35 41 Move 1631 | 64 598 866 103 Hop . | . . . . Pick Up 30 | 9 17 3 1 Fast Attach 7 | 5 2 . . Attach 5 | 2 . 3 . Detach . | . . . . Swap 14 | . 7 7 . Drop 19 | . 4 14 1 Fire 84 | 11 42 26 5 Melee . | . . . . Ram . | . . . . Kick . | . . . . Crush 4 | . 4 . . Escape Stasis . | . . . . Rewire . | . . . . Trap . | . . . . Miscellaneous 1 | . . . 1 Route ------- -11/Scrapyard -10/Materials (discovered 6 exits: *Mat x3 / [*Min x2] / *Sub) -10/Subcaves (discovered 4 exits: *Mat x2 / *Rec / [*Scr]) -7/Scraptown History --------- Turn | Location | Event 33 | -11/Scrapyard | Discovered new exit (range 16) 152 | -11/Scrapyard | Entered Materials 251 | -10/Materials | Discovered new exit (range 16) 308 | -10/Materials | Build established: Mutant 320 | -10/Materials | Discovered new exit (range 13) 494 | -10/Materials | Discovered new exit (range 8) 593 | -10/Materials | Discovered new exit (range 16) 994 | -10/Materials | Loaded intel: 19 trap records 1023 | -10/Materials | Repaired Seismic Detector 1043 | -10/Materials | Identified exit to Materials 1050 | -10/Materials | Repaired Assault Rifle 1078 | -10/Materials | Repaired Lgt. Treads 1115 | -10/Materials | Learned location of 2 exits from Subcaves 1136 | -10/Materials | Learned Storage interactive machine intel 1146 | -10/Materials | Identified exit to Subcaves 1147 | -10/Materials | Learned Storage terminal intel 1181 | -10/Materials | Learned location of Storage (-7) 1212 | -10/Materials | Learned 4 Subcaves zone layouts 1716 | -10/Materials | Entered Subcaves 1717 | -10/Subcaves | Approached by a straggling Scientist 1717 | -10/Subcaves | Identified exit to Recycling 1718 | -10/Subcaves | Identified exit to Materials 2450 | -10/Subcaves | Scientist uncovered a shortcut to Scraptown 2613 | -10/Subcaves | Core integrity fell below 50% 2654 | -10/Subcaves | Lost 3 parts (1p2n) 2942 | -10/Subcaves | A swath of the cavern ceiling suddenly collapsed 3398 | -10/Subcaves | Shifting Twisted Machinery released Sub. Laser 3402 | -10/Subcaves | Shifting Twisted Machinery released Mak. System Restoration Module 3693 | -10/Subcaves | Found SUBCON Basin 3931 | -10/Subcaves | Entered Scraptown 4054 | -7/Scraptown | Released subatomizers from SUBCON Basin 4072 | -7/Scraptown | Attacked by Scraptown defenders 4074 | -7/Scraptown | Core integrity fell below 20% 4236 | -7/Scraptown | Destroyed by Triborg with Siege Cannon Last Messages --------------- 04137_ Subatomizers consume a piece of Machine. 04172_ ANNOUNCEMENT: Triborg tracking relay activated. Stay clear or you only have yourself to blame! 04181_ Subatomizers consume a piece of Machine. 04193_ Mak. Salvage Targeting Computer melted. 04193_ Ovr. Pulse Rifle melted. 04193_ 51-NJE(j) destroyed. 04206_ Subatomizers dissect the Ovr. Titanium Leg, destroying it. 04210_ Subatomizers consume a piece of Machine. 04231_ Subatomizers dissect the Scrap Suit, destroying it. 04232_ Subatomizers consume a piece of Machine. 04234_ Penetrated by Siege Slug. 04234_ Seismic Detector destroyed. 04236_ Penetrated by Siege Slug. 04236_ Lgt. Treads destroyed. 04236_ Critical hit (Blast). Map ----- +----------------------------------------------------+ | ?????????????????????????????????????????????????? | | ?????????????????????????????????????????????????? | | ?????????????????????????????????????????????????? | | ?????????????????????????????????????????????????? | | ?????????????????????????????????????????????????? | | ?????????????????????????????????????????????????? | | ?????????????????????????????????????????????????? | | ???????????????????????#?????????????????????????? | | ???????????#####?????? #?????????????????????????? | | ???????????#"""#????? #?????????????????????????? | | ???????????#" "#????? #?????????????????????????? | | ???????????# #???? #?????????????????????????? | | ???????????# ##### #?????????????????????????? | | ???????????# ##???????????###??????????? | | ???????????# #???????????#! ??????????? | | ???????????# ##???###??####%##?????????? | | ???????????##### ### ##???"""""?#"""!"#?????????? | | ???????????????# #???#???#" "##""" "#?????????? | | ??????????###### ######??# " "##"" "#?????????? | | ??????????#""""" """""#??#" ""## " "#?????????? | | ??????????#""" " " "#??#"" ""## " "#?????????? | | ??????????#" "#??#"" "##"| "#?????????? | | ??????????#""""" """""#??#"" ""##"| "#?????????? | | ??????????###### ######??#" ""##" "#?????????? | | ############# #########"" " ## " "###""" """? | | @ | | % % | | ###"""" """"######""""% """"######""" """##""" | | ?????#""" """#????#" "#????#"" |"#????? | | ?????#""" %""#????#" "#?????" "#????? | | ?????#"""" !!"#????#" "#?????" ""#????? | | ?????#""""" "#????#"""""$ "#?????" ???? | | ?????#"""""""""#????#""""""""" #??????""""""##???? | | ?????###########????############???????######????? | | | | | | | | | | | | | | | | | | | | | | | | | | | | | | | | | +----------------------------------------------------+ Best States ------------- Heat Dissipation 47 Energy Generation 10 Energy Capacity 250 Matter Stores 300 Matter Capacity 300 Sight Range 16 Terrain Scan Density 10 Weapon Shielding 33 Evasion (%) 40 Recoil Reduction 2 Item Schematics ----------------- Hcp. Storage Unit | -10/Materials | Hacked Robot Schematics ------------------ None Fabricated ------------ Nothing Repaired ---------- Seismic Detector | 35% | -10/Materials Assault Rifle | 23% | -10/Materials Lgt. Treads | 50% | -10/Materials Alien Tech Used ----------------- None Achievements -------------- None Challenges ------------ None Game ------ Seed BlanketGaussBroadsword Manual? 0 Play Time 00:17:46 Cumulative 386.1 hours Start 2025.08.15 @ 12:24:22 End 2025.08.15 @ 13:45:27 Sessions 1 Manual Loads 0 Difficulty Rogue Special Mode None Game No. 240 Rogue 240 Adventurer 0 Explorer 0 Win Type - Total 8 Types 8/0/0/0/0/0/0/0/0/0 Lore% 79 Gallery% 75 Achievement% 69 Wizard Run 0 Options --------- Layout 1 ASCII 0 Keyboard 1 Movement Numpad Keybinds 0 Fullscreen 2 Font 24/Smallcaps Map View 50x35 Zoom Use 0% Tactical HUD 1 Map Filters NONE Filters NONE Steam 1 RUN: 0437559b-5e21-41c6-a54b-fddc843cb1a2